 Dungeon Crawl Stone Soup version 0.31-a0-188-g5e087ee2ca (webtiles) character file.

Game seed: 17777418616385109600

64 voltaire321 the Stinger (level 3, -3/26 HPs)
             Began as a Demonspawn Venom Mage on June 23, 2023.
             Slain by a worm (7 damage)
             ... on level 2 of the Dungeon.
             The game lasted 00:03:38 (1523 turns).

voltaire321 the Stinger (Demonspawn Venom Mage)     Turns: 1523, Time: 00:03:38

Health: -3/26      AC:  2    Str: 10    XL:     3   Next: 91%
Magic:  2/6        EV: 12    Int: 16    God:
Gold:   63         SH:  0    Dex: 13    Spells: 3/6 levels left

rFire   . . .        h - +0 long sword
rCold   . . .        (no shield)
rNeg    . . .        a - +0 robe
rPois   .            (no helmet)
rElec   .            (no cloak)
rCorr   .            (no gloves)
SInv    .            (no boots)
Will    .....        (no amulet)
Stlth   ++           (no ring)
HPRegen 0.24/turn    (no ring)
MPRegen 0.10/turn

%: no passive effects
@: lethally poisoned (-3 -> -4)
A: demonic guardian 1, weakness stinger 1
a: no special abilities


You were on level 2 of the Dungeon.
You visited 1 branch of the dungeon, and saw 2 of its levels.

You collected 63 gold pieces.

Inventory:

Hand Weapons
 h - a +0 long sword (weapon)
Armour
 a - a +0 robe (worn)
Wands
 k - a wand of quicksilver (8)
Scrolls
 c - a scroll of amnesia {unknown}
 e - a scroll of identify {unknown}
 f - a scroll of brand weapon {unknown}
 g - a scroll of enchant weapon {unknown}
 i - a scroll of teleportation {unknown}
Potions
 b - a potion of magic
 d - 2 potions of haste {unknown}
 j - 2 potions of ambrosia {unknown}
 l - a potion of lignification {unknown}


   Skills:
 + Level 1.3 Fighting
 + Level 1.1 Armour
 + Level 2.2 Dodging
 - Level 1.7 Stealth
 + Level 2.4 Spellcasting
 - Level 1.0 Transmutations
 + Level 0.6 Air Magic
 + Level 3.3 Poison Magic


You had 3 spell levels left.
You knew the following spells:

 Your Spells              Type           Power      Damage    Failure   Level
a - Sting                 Tmut/Pois      32%        1d4       9%          1
b - Poisonous Vapours     Pois/Air       16%        N/A       13%         2

Your spell library contained the following spells:

 Spells                   Type           Power      Damage    Failure   Level
 Slow                     Hex            4%         N/A       21%         1
 Mephitic Cloud           Conj/Pois/Air  6%         N/A       34%         3
 Confusing Touch          Hex            1%         N/A       52%         3
 Vampiric Draining        Necr           1%         2d6       52%         3
 Olgreb's Toxic Radiance  Pois           12%        N/A       45%         4


Dungeon Overview and Level Annotations

Branches:
Dungeon (2/15)

Altars:


Innate Abilities, Weirdness & Mutations

A weak demonic guardian rushes to your aid.
You have a small tail.


Message History

Aim: an endoplasm (heavily wounded, 97% to hit)
The sting hits the endoplasm.
The endoplasm is poisoned.
The endoplasm is severely wounded.
The endoplasm freezes you.
You are frozen.
You hit the endoplasm.
You kill the endoplasm!
An adder comes into view.
You hit the worm.
The worm is lightly wounded.
The adder hisses angrily.
Your magical contamination has completely faded away.
You hit the worm.
You tail-slap the worm, but do no damage.
The worm is lightly wounded.
The worm barely misses you.
You hit the worm.
The worm is moderately wounded.
The worm bites you.
You completely miss the worm.
The worm is moderately wounded.
The adder barely misses you. The worm bites you. The adder bites you.
You are poisoned.
The adder poisons you! The adder attacks as you move away!
The adder barely misses you.
You feel sick.
Aiming: Sting (safe; 9% risk of failure)
Press: ? - help, Q - select action, (/) - cycle Shift-Dir - straight line, f - adder
Aim: an adder (48% to hit)
The sting hits the adder.
The adder is poisoned.
The adder is moderately wounded.
You feel sick. The adder bites you.
Aiming: Sting (safe; 9% risk of failure)
Press: ? - help, Q - select action, (/) - cycle Shift-Dir - straight line, f/p - adder
Aim: an adder (moderately wounded, poisoned, 48% to hit)
The sting hits the adder.
The adder looks even sicker.
The adder is heavily wounded.
You feel sick. The adder bites you.
* * * LOW HITPOINT WARNING * * *
A demonic guardian appears!
The adder misses you. The worm bites you!
You die...

.# #.#.##.# ..........#####.
†####.#.# # ..#.....†...###.
........# #.............
...........# #.........####
........#..# ##.##.........
........#..# #.##.†.......
#########....####.##.........
.................... #####
.####.@#..<........ ....##
#wS###.#.#.#... †....# #5.#
#.#.#.#... .....# ##.#
#.#.#.. .. .....# ... ..#.#
#. ....... #.. ... .....##
....... .....# .... .....#
.....


You could see a worm (ally target), an adder (very poisoned) and a friendly
shadow imp (summoned).

Vanquished Creatures
  3 adders (D:2)
  A worm (D:2)
  2 ball pythons (D:2)
  A bat (D:1)
  6 endoplasms
  A giant cockroach (D:2)
  3 goblins
  3 hobgoblins (D:1)
  3 jackals (D:2)
  5 kobolds (D:1)
  2 frilled lizards (D:2)
  2 rats (D:1)
32 creatures vanquished.

Notes
Turn   | Place    | Note
-------+----------+-------------------------------------------
     0 | D:1      | voltaire321 the Demonspawn Venom Mage began the quest for
                  | the Orb.
     0 | D:1      | Reached XP level 1. HP: 13/13 MP: 3/3
   190 | D:1      | Reached skill level 1 in Transmutations
   235 | D:1      | Gained mutation: You have a small tail. [demonic ancestry]
   235 | D:1      | Reached XP level 2. HP: 20/20 MP: 1/5
   898 | D:1      | Learned a level 2 spell: Poisonous Vapours
  1108 | D:2      | Reached skill level 1 in Fighting
  1108 | D:2      | Gained mutation: A weak demonic guardian rushes to your
                  | aid. [demonic ancestry]
  1108 | D:2      | Reached XP level 3. HP: 20/26 MP: 1/6
  1177 | D:2      | Reached skill level 1 in Armour
  1523 | D:2      | Slain by a worm

Illustrated notes

Levels and vault maps discovered:
D:1:      psy_arrival_spokes, layout_loops_ring
D:2:      layout_basic, grunt_ministairs_14

Skill      XL: |  1  2  3 |
---------------+----------+-----
Transmutations | 1 |  1.0
Dodging        | 2 |  2.2
Fighting       | 1 |  1.3
Armour         | 1 |  1.1
Stealth        | |  1.7
Spellcasting   | |  2.4
Air Magic      | |  0.6
Poison Magic   | |  3.3

Action                     || total
---------------------------++-------
  Melee: Unarmed           ||     6
         Dagger            ||     5
         Long sword        ||    24
         Tailslap          ||     3
   Cast: Sting             ||    53
   Stab: Sleeping          ||     1
 Armour: Robe              ||     5
  Dodge: Dodged            ||    28

Table legend: (Time is in decaauts)
 A = Elapsed time spent in this place.
 B = Non-inter-level travel time spent in this place.
 C = Inter-level travel time spent in this place.
 D = Time resting spent in this place.
 E = Time spent auto-exploring this place.
 F = Levels seen in this place.
 G = Mean time per level.
                   A        B        C        D        E       F      G
               +--------+--------+--------+--------+--------+-----+--------+
         Total |   1531 |   1519 |     12 |    590 |    658 |   2 |  765.5 |
       Dungeon |   1531 |   1519 |     12 |    590 |    658 |   2 |  765.5 |
               +--------+--------+--------+--------+--------+-----+--------+

Top non-repeatable levels by time:
     D:1: 1097 daAuts
     D:2: 433 daAuts
